Bears vs Ice Caps

Created - Tuesday, December 09, 2014 at 21:19

Goals
1 2 3 T
Bears 1 0 0 1
Ice Caps 0 0 0 0
Shots
1 2 3 T
Bears 13 12 6 31
Ice Caps 8 2 6 16

1st period

1. Bears , Tyler Shattock 1 (Alexander Urbom, Mark Flood) at 15:35 (PP)

Penalties :
Rasmus Rissanen (STJ) for Interference (Minor) at 7:57, Garret Ross (STJ) for Hooking (Minor) at 13:53, Scott Mayfield (STJ) for Hooking (Minor) at 19:00

2nd period

No Goal

Penalties :
Scott Mayfield (STJ) for Slashing (Minor) at 9:54, Cody Beach (STJ) for Hooking (Minor) at 16:18, Daniil Tarasov (STJ) for Slashing (Minor) at 19:23

3rd period

No Goal

Penalties :
Scott Mayfield (STJ) for Fighting (Major) at 1:46, Shawn O'Donnell (Her) for Fighting (Major) at 1:46, Michael Schumacher (STJ) for Fighting (Major) at 7:47, Patrice Cormier (Her) for Fighting (Major) at 7:47, Eric Neilson (Her) for Attempt to injure (Major / Game Misconduct) at 15:26

Goalie Stats

Ilya Bryzgalov (Her), 16 saves from 16 shots - (1.000), W, 5-1-0, 60:00 minutes
Nathan Lieuwen (STJ), 30 saves from 31 shots - (0.968), L, 14-3-7, 59:52 minutes

Players Stats for Bears

Player Name              G  A  P  +/- PIM S  H  SB GA TA FO     MP     PP MP  PK MP  
------------------------------------------------------------------------------------
Alexander Urbom          0  1  1   0  0   6  2  1  4  2  0/0    22:48   5:04   1:50 
Brad Mills               0  0  0   0  0   2  0  0  2  0  1/2    15:38   0:00   1:47 
Brett Clark              0  0  0   0  0   1  1  1  0  0  0/0    26:18   6:33   2:43 
Chris Bruton             0  0  0   0  0   1  1  0  1  0  3/7     8:29   0:00   0:00 
David Dziurzynski        0  0  0   0  0   2  4  0  3  0  1/1    18:19   6:33   1:06 
Eric Neilson             0  0  0   0  15  0  2  0  0  0  0/0     8:28   0:00   0:00 
Harry Young              0  0  0   0  0   0  0  0  0  0  0/0     2:38   0:00   0:00 
Kevin Henderson          0  0  0   0  0   1  0  0  1  1  0/0    20:52   4:24   1:12 
Mark Cundari             0  0  0   0  0   1  1  0  0  0  0/0    10:54   0:00   0:00 
Mark Flood               0  1  1   0  0   1  0  1  0  1  0/0    22:48   5:04   1:50 
Matt Taormina            0  0  0   0  0   3  0  2  0  0  0/0    10:54   0:00   0:00 
Maxime Macenauer         0  0  0   0  0   0  3  0  0  0  2/7    19:29   5:04   1:25 
Patrice Cormier          0  0  0   0  5   4  1  0  6  2  9/18   21:11   6:04   2:28 
Sebastian Stalberg       0  0  0   0  0   2  1  0  3  0  0/0    18:04   5:04   0:00 
Shawn O'Donnell          0  0  0   0  5   0  1  0  1  0  0/0    12:11   0:00   0:00 
Stefan Elliott           0  0  0   0  0   4  3  3  2  3  0/0    23:40   6:33   2:43 
Tyler Brown              0  0  0   0  0   0  1  0  1  0  4/4    15:53   1:09   1:08 
Tyler Shattock           1  0  1   0  0   3  2  0  3  0  0/0    16:50   6:33   0:00 

Players Stats for Ice Caps

Player Name              G  A  P  +/- PIM S  H  SB GA TA FO     MP     PP MP  PK MP  
------------------------------------------------------------------------------------
Brandon Davidson         0  0  0   0  0   1  1  1  0  3  0/0    23:08   2:20   5:24 
Cody Beach               0  0  0   0  2   1  3  1  3  0  0/0    17:00   1:36   0:00 
Colin Smith              0  0  0   0  0   2  2  0  3  2  4/9    20:00   2:03   2:30 
Corey Cowick             0  0  0   0  0   0  0  0  1  1  0/1    19:48   1:31   2:15 
Daniil Tarasov           0  0  0   0  2   3  1  0  0  0  1/2    20:15   1:45   5:00 
Garret Ross              0  0  0   0  2   0  1  1  3  2  3/8    22:40   1:30   5:30 
Greg McKegg              0  0  0   0  0   1  0  0  3  2  6/10   14:01   0:00   2:30 
Joel Edmundson           0  0  0   0  0   0  1  1  0  0  0/0     5:47   0:00   1:15 
Klas Dahlbeck            0  0  0   0  0   0  5  1  0  3  0/0    25:35   2:13   6:13 
Kory Nagy                0  0  0   0  0   1  0  0  0  0  0/0     4:44   1:35   0:00 
Maxim Kitsyn             0  0  0   0  0   0  0  0  0  0  0/0     1:46   0:21   0:20 
Michael Schumacher       0  0  0   0  5   0  0  0  1  0  0/0    14:14   1:33   0:00 
Oscar Klefbom            0  0  0   0  0   1  0  0  1  0  0/0    15:33   2:13   0:00 
Rasmus Rissanen          0  0  0   0  2   1  1  0  0  2  0/0    19:00   0:00   7:06 
Riley Wetmore            0  0  0   0  0   1  0  1  0  0  2/3    14:46   0:00   4:34 
Rylan Schwartz           0  0  0   0  0   2  1  0  1  0  3/6    17:31   1:45   0:35 
Scott Mayfield           0  0  0   0  9   2  0  1  1  0  0/0    19:11   2:20   3:16 
Seth Helgeson            0  0  0   0  0   0  0  0  0  2  0/0    13:16   0:00   0:00 

3 Stars

1 - Nathan Lieuwen (STJ)
2 - Ilya Bryzgalov (Her)
3 - Tyler Shattock (Her)

Power Play

Bears - 1 on 6 Attempt(s) - 16.67%
Ice Caps - 0 on 1 Attempt(s) - 0.00%

Penalty Kill

Bears - 1 on 1 Attempt(s) - 100.00% - Score 0 goal in Penalty Kill
Ice Caps - 5 on 6 Attempt(s) - 83.33% - Score 0 goal in Penalty Kill

Official

Referees : Unknown
Linesman : Unknown

Game Notes

Scott Mayfield and Shawn O'Donnell fight to a draw at 1:46 of 3rd period
Michael Schumacher and Patrice Cormier fight to a draw at 7:47 of 3rd period
Eric Neilson ejected from game at 15:26 of 3rd period

Finance

Level 1 -- Attendance: 1434 (71.70%) -- Ticket Income $50,190
Level 2 -- Attendance: 803 (80.30%) -- Ticket Income $12,045
Total Attendance: 2237 (74.57%)
Total Ticket Income: $62,235
Other Income: $30,495
Total Income: $92,730

Bears

5 vs 5 Forward 
   Center                   Left Wing                Right Wing               Time % Phy DF OF 
 1 Patrice Cormier          David Dziurzynski        Tyler Shattock           35     1   2  2  
 2 Maxime Macenauer         Kevin Henderson          Sebastian Stalberg       30     1   2  2  
 3 Tyler Brown              Shawn O'Donnell          Brad Mills               22     1   2  2  
 4 Chris Bruton             Patrice Cormier          Eric Neilson             13     1   2  2  

5 vs 5 Defense 
   Defense                  Defense                                           Time % Phy DF OF 
 1 Brett Clark              Stefan Elliott                                    35     1   2  2  
 2 Alexander Urbom          Mark Flood                                        30     1   2  2  
 3 Matt Taormina            Mark Cundari                                      22     1   2  2  
 4 Harry Young              Brett Clark                                       13     1   2  2  

PowerPlay Forward 
   Center                   Left Wing                Right Wing               Time % Phy DF OF 
 1 Patrice Cormier          David Dziurzynski        Tyler Shattock           60     1   2  2  
 2 Maxime Macenauer         Kevin Henderson          Sebastian Stalberg       40     1   2  2  

PowerPlay Defense
   Defense                  Defense                                           Time % Phy DF OF 
 1 Brett Clark              Stefan Elliott                                    60     1   2  2  
 2 Alexander Urbom          Mark Flood                                        40     1   2  2  

Penalty Kill 4 Players Forward 
   Center                   Wing                     Time % Phy DF OF 
 1 Patrice Cormier          Maxime Macenauer         60     1   2  2  
 2 David Dziurzynski        Kevin Henderson          40     1   2  2  

Penalty Kill 4 Players Defense
   Defense                  Defense                  Time % Phy DF OF 
 1 Brett Clark              Stefan Elliott           60     1   2  2  
 2 Alexander Urbom          Mark Flood               40     1   2  2  

Penalty Kill - 3 Players Forward 
   Forward                                           Time % Phy DF OF 
 1 Patrice Cormier                                   60     1   2  2  
 2 Maxime Macenauer                                  40     1   2  2  

Penalty Kill - 3 Players Defense
   Defense                  Defense                  Time % Phy DF OF 
 1 Brett Clark              Stefan Elliott           60     1   2  2  
 2 Alexander Urbom          Mark Flood               40     1   2  2  

4 vs 4 Forward 
   Center                   Wing                     Time % Phy DF OF 
 1 Patrice Cormier          Maxime Macenauer         60     1   2  2  
 2 David Dziurzynski        Kevin Henderson          40     1   2  2  

4 vs 4 Defense
   Defense                  Defense                  Time % Phy DF OF 
 1 Brett Clark              Stefan Elliott           60     1   2  2  
 2 Alexander Urbom          Mark Flood               40     1   2  2  

Last Minutes Offensive
   Center                   Left Wing                Right Wing               Defense                  Defense                  
   Patrice Cormier          David Dziurzynski        Tyler Shattock           Brett Clark              Stefan Elliott           

Last Minutes Defensive
   Center                   Left Wing                Right Wing               Defense                  Defense                  
   Patrice Cormier          David Dziurzynski        Tyler Shattock           Brett Clark              Stefan Elliott           

Goaltenders
Starting : Ilya Bryzgalov           
Backup : Karri Ramo               

Extra Forwards
Normal : Tyler Brown, Shawn O'Donnell, Brad Mills - PP : Tyler Brown, Shawn O'Donnell - PK : Brad Mills
Extra Defensemen
Normal : Matt Taormina, Mark Cundari, Harry Young - PP : Matt Taormina - PK : Mark Cundari, Harry Young
Penalty Shots
Patrice Cormier, Maxime Macenauer, David Dziurzynski, Kevin Henderson, Tyler Shattock

Ice Caps

5 vs 5 Forward 
   Center                   Left Wing                Right Wing               Time % Phy DF OF 
 1 Greg McKegg              Garret Ross              Daniil Tarasov           35     1   2  2  
 2 Colin Smith              Corey Cowick             Cody Beach               30     1   2  2  
 3 Rylan Schwartz           Michael Schumacher       Garret Ross              22     1   2  2  
 4 Riley Wetmore            Garret Ross              Daniil Tarasov           13     1   2  2  

5 vs 5 Defense 
   Defense                  Defense                                           Time % Phy DF OF 
 1 Oscar Klefbom            Klas Dahlbeck                                     35     1   2  2  
 2 Brandon Davidson         Scott Mayfield                                    30     1   2  2  
 3 Seth Helgeson            Rasmus Rissanen                                   22     1   2  2  
 4 Joel Edmundson           Klas Dahlbeck                                     13     1   2  2  

PowerPlay Forward 
   Center                   Left Wing                Right Wing               Time % Phy DF OF 
 1 Rylan Schwartz           Garret Ross              Daniil Tarasov           60     1   2  2  
 2 Colin Smith              Corey Cowick             Cody Beach               40     1   2  2  

PowerPlay Defense
   Defense                  Defense                                           Time % Phy DF OF 
 1 Oscar Klefbom            Klas Dahlbeck                                     60     1   2  2  
 2 Brandon Davidson         Scott Mayfield                                    40     1   2  2  

Penalty Kill 4 Players Forward 
   Center                   Wing                     Time % Phy DF OF 
 1 Garret Ross              Daniil Tarasov           60     1   2  2  
 2 Greg McKegg              Colin Smith              40     1   2  2  

Penalty Kill 4 Players Defense
   Defense                  Defense                  Time % Phy DF OF 
 1 Rasmus Rissanen          Klas Dahlbeck            60     1   2  2  
 2 Brandon Davidson         Scott Mayfield           40     1   2  2  

Penalty Kill - 3 Players Forward 
   Forward                                           Time % Phy DF OF 
 1 Garret Ross                                       60     1   2  2  
 2 Daniil Tarasov                                    40     1   2  2  

Penalty Kill - 3 Players Defense
   Defense                  Defense                  Time % Phy DF OF 
 1 Joel Edmundson           Klas Dahlbeck            60     1   2  2  
 2 Brandon Davidson         Scott Mayfield           40     1   2  2  

4 vs 4 Forward 
   Center                   Wing                     Time % Phy DF OF 
 1 Garret Ross              Daniil Tarasov           60     1   2  2  
 2 Rylan Schwartz           Colin Smith              40     1   2  2  

4 vs 4 Defense
   Defense                  Defense                  Time % Phy DF OF 
 1 Seth Helgeson            Klas Dahlbeck            60     1   2  2  
 2 Brandon Davidson         Scott Mayfield           40     1   2  2  

Last Minutes Offensive
   Center                   Left Wing                Right Wing               Defense                  Defense                  
   Greg McKegg              Garret Ross              Daniil Tarasov           Oscar Klefbom            Klas Dahlbeck            

Last Minutes Defensive
   Center                   Left Wing                Right Wing               Defense                  Defense                  
   Greg McKegg              Garret Ross              Daniil Tarasov           Oscar Klefbom            Klas Dahlbeck            

Goaltenders
Starting : Nathan Lieuwen           
Backup : Kristers Gudlevskis      

Extra Forwards
Normal : Rylan Schwartz, Michael Schumacher, Riley Wetmore - PP : Rylan Schwartz, Michael Schumacher - PK : Riley Wetmore
Extra Defensemen
Normal : Seth Helgeson, Rasmus Rissanen, Joel Edmundson - PP : Seth Helgeson - PK : Rasmus Rissanen, Joel Edmundson
Penalty Shots
Garret Ross, Daniil Tarasov, Michael Schumacher, Colin Smith, Rylan Schwartz

% Time on Ice - Bears

Lines # - Real PCT - Wanted PCT - Time Play
Normal Forward
1 - 23% - 35% - 10:17
2 - 30% - 30% - 13:00
3 - 28% - 22% - 12:04
4 - 19% - 13% - 8:29
Normal Defense
1 - 33% - 35% - 14:24
2 - 36% - 30% - 15:54
3 - 25% - 22% - 10:54
4 - 6% - 13% - 2:38
PP Forward
1 - 56% - 60% - 6:33
2 - 44% - 40% - 5:04
PP Defense
1 - 56% - 60% - 6:33
2 - 44% - 40% - 5:04
PK Forward
1 - 100% - 60% - 4:33
2 - 0% - 40% - 0:00
PK Defense
1 - 60% - 60% - 2:43
2 - 40% - 40% - 1:50
PK3 Forward
1 - 0% - 60%
2 - 0% - 40%
PK3 Defense
1 - 0% - 60%
2 - 0% - 40%
44 Forward
1 - 0% - 60%
2 - 0% - 40%
44 Defense
1 - 0% - 60%
2 - 0% - 40%
Last Minute Offensive  - 0:00
Last Minute Defensive  - 0:00
Total
Forward - 60:00
Defense - 60:00

% Time on Ice - Ice Caps

Lines # - Real PCT - Wanted PCT - Time Play
Normal Forward
1 - 24% - 35% - 10:41
2 - 38% - 30% - 16:41
3 - 30% - 22% - 13:20
4 - 7% - 13% - 3:08
Normal Defense
1 - 32% - 35% - 13:52
2 - 35% - 30% - 15:24
3 - 26% - 22% - 11:17
4 - 7% - 13% - 3:17
PP Forward
1 - 47% - 60% - 2:07
2 - 53% - 40% - 2:26
PP Defense
1 - 49% - 60% - 2:13
2 - 51% - 40% - 2:20
PK Forward
1 - 78% - 60% - 9:07
2 - 22% - 40% - 2:30
PK Defense
1 - 54% - 60% - 6:13
2 - 46% - 40% - 5:24
PK3 Forward
1 - 0% - 60%
2 - 0% - 40%
PK3 Defense
1 - 0% - 60%
2 - 0% - 40%
44 Forward
1 - 0% - 60%
2 - 0% - 40%
44 Defense
1 - 0% - 60%
2 - 0% - 40%
Last Minute Offensive  - 0:00
Last Minute Defensive  - 0:00
Total
Forward - 60:00
Defense - 60:00

Play by Play

1st period


0:01 of 1st period - Greg McKegg wins face-off versus Patrice Cormier in neutral zone.
1:16 of 1st period - Slapshot by Alexander Urbom.
1:16 of 1st period - Stopped by Nathan Lieuwen with a rebound.
2:01 of 1st period - Snap shot by Rylan Schwartz.
2:01 of 1st period - Shot Misses the Net.
2:25 of 1st period - Slapshot by Mark Cundari.
2:25 of 1st period - Deflect By Patrice Cormier.
2:25 of 1st period - Shot Misses the Net.
2:25 of 1st period - Puck is out of play.
2:26 of 1st period - Chris Bruton wins face-off versus Garret Ross in Ice Caps zone.
5:15 of 1st period - Wrist shot by Greg McKegg.
5:15 of 1st period - Shot Misses the Net.
5:17 of 1st period - Backhand shot by Klas Dahlbeck.
5:17 of 1st period - Shot Misses the Net.
5:19 of 1st period - Slapshot by Klas Dahlbeck.
5:19 of 1st period - Shot Misses the Net.
5:21 of 1st period - Slapshot by Oscar Klefbom.
5:21 of 1st period - Shot Blocked by Stefan Elliott.
5:23 of 1st period - Slapshot by Klas Dahlbeck.
5:23 of 1st period - Shot Misses the Net.
5:41 of 1st period - Slapshot by Alexander Urbom.
5:41 of 1st period - Stopped by Nathan Lieuwen without a rebound.
5:42 of 1st period - Rylan Schwartz wins face-off versus Chris Bruton in Ice Caps zone.
5:47 of 1st period - Patrice Cormier is hit by Garret Ross and loses puck.
6:39 of 1st period - Snap shot by Kevin Henderson.
6:39 of 1st period - Stopped by Nathan Lieuwen without a rebound.
6:40 of 1st period - Patrice Cormier wins face-off versus Colin Smith in Ice Caps zone.
7:15 of 1st period - Slapshot by Rasmus Rissanen.
7:15 of 1st period - Stopped by Ilya Bryzgalov with a rebound.
7:17 of 1st period - Slapshot by Rasmus Rissanen.
7:17 of 1st period - Shot Misses the Net.
7:19 of 1st period - Snap shot by Greg McKegg.
7:19 of 1st period - Shot Blocked by Matt Taormina.
7:21 of 1st period - Wrist shot by Greg McKegg.
7:21 of 1st period - Shot Misses the Net.
7:48 of 1st period - Wrist shot by Kevin Henderson.
7:48 of 1st period - Shot Misses the Net.
7:57 of 1st period - Minor Penalty to Rasmus Rissanen for Interference.
7:58 of 1st period - Garret Ross wins face-off versus Maxime Macenauer in Ice Caps zone.
8:33 of 1st period - Snap shot by Riley Wetmore.
8:33 of 1st period - Shot Misses the Net.
8:35 of 1st period - Slapshot by Scott Mayfield.
8:35 of 1st period - Deflect By Brett Clark.
8:35 of 1st period - Stopped by Ilya Bryzgalov with a rebound.
8:37 of 1st period - Wrist shot by Daniil Tarasov.
8:37 of 1st period - Stopped by Ilya Bryzgalov with a rebound.
8:47 of 1st period - Scott Mayfield is hit by Tyler Shattock and loses puck.
9:25 of 1st period - Alexander Urbom is hit by Brandon Davidson.
9:29 of 1st period - Wrist shot by Daniil Tarasov.
9:29 of 1st period - Stopped by Ilya Bryzgalov with a rebound.
9:49 of 1st period - Slapshot by David Dziurzynski.
9:49 of 1st period - Stopped by Nathan Lieuwen with a rebound.
9:51 of 1st period - Slapshot by Stefan Elliott.
9:51 of 1st period - Shot Hit the Post.
9:53 of 1st period - Slapshot by Stefan Elliott.
9:53 of 1st period - Stopped by Nathan Lieuwen with a rebound.
9:55 of 1st period - Snap shot by Brett Clark.
9:55 of 1st period - Stopped by Nathan Lieuwen with a rebound.
9:57 of 1st period - Penalty to Rasmus Rissanen is over, Rasmus Rissanen is back on ice.
9:57 of 1st period - Snap shot by David Dziurzynski.
9:57 of 1st period - Shot Misses the Net.
9:59 of 1st period - Wrist shot by Stefan Elliott.
9:59 of 1st period - Stopped by Nathan Lieuwen with a rebound.
10:26 of 1st period - Wrist shot by Brad Mills.
10:26 of 1st period - Shot Misses the Net.
11:11 of 1st period - Oscar Klefbom is hit by Mark Cundari and loses puck.
11:33 of 1st period - Off-side.
11:34 of 1st period - Greg McKegg wins face-off versus Chris Bruton in neutral zone.
11:48 of 1st period - Icing by Alexander Urbom.
11:49 of 1st period - Chris Bruton wins face-off versus Colin Smith in Bears zone.
13:16 of 1st period - Seth Helgeson is hit by Eric Neilson and loses puck.
13:43 of 1st period - Slapshot by Rylan Schwartz.
13:43 of 1st period - Stopped by Ilya Bryzgalov with a rebound.
13:53 of 1st period - Minor Penalty to Garret Ross for Hooking.
13:54 of 1st period - Riley Wetmore wins face-off versus Patrice Cormier in Ice Caps zone.
14:03 of 1st period - Slapshot by Alexander Urbom.
14:03 of 1st period - Shot Misses the Net.
14:05 of 1st period - Snap shot by Patrice Cormier.
14:05 of 1st period - Shot Misses the Net.
14:07 of 1st period - Snap shot by Mark Flood.
14:07 of 1st period - Shot Misses the Net.
14:09 of 1st period - Slapshot by Mark Flood.
14:09 of 1st period - Shot Misses the Net.
14:31 of 1st period - Wrist shot by Riley Wetmore.
14:31 of 1st period - Stopped by Ilya Bryzgalov without a rebound.
14:32 of 1st period - Riley Wetmore wins face-off versus Maxime Macenauer in Bears zone.
14:33 of 1st period - Slapshot by Daniil Tarasov.
14:33 of 1st period - Shot Misses the Net.
14:55 of 1st period - Wrist shot by Tyler Shattock.
14:55 of 1st period - Stopped by Nathan Lieuwen with a rebound.
15:35 of 1st period - Wrist shot by Tyler Shattock.
15:35 of 1st period - Goal by Tyler Shattock - Bears : 1 - Ice Caps : 0.
15:36 of 1st period - Tyler Brown wins face-off versus Rylan Schwartz in neutral zone.
15:57 of 1st period - Slapshot by Rylan Schwartz.
15:57 of 1st period - Shot Blocked by Mark Flood.
15:59 of 1st period - Wrist shot by Rylan Schwartz.
15:59 of 1st period - Stopped by Ilya Bryzgalov with a rebound.
16:01 of 1st period - Snap shot by Rylan Schwartz.
16:01 of 1st period - Shot Misses the Net.
16:03 of 1st period - Snap shot by Scott Mayfield.
16:03 of 1st period - Shot Misses the Net.
16:05 of 1st period - Slapshot by Brandon Davidson.
16:05 of 1st period - Stopped by Ilya Bryzgalov without a rebound.
16:06 of 1st period - Patrice Cormier wins face-off versus Corey Cowick in Bears zone.
16:13 of 1st period - Oscar Klefbom is hit by David Dziurzynski and loses puck.
16:28 of 1st period - Snap shot by Corey Cowick.
16:28 of 1st period - Shot Misses the Net.
17:16 of 1st period - Scott Mayfield is hit by Maxime Macenauer and loses puck.
17:41 of 1st period - Colin Smith is hit by Stefan Elliott.
19:00 of 1st period - Minor Penalty to Scott Mayfield for Hooking.
19:01 of 1st period - Daniil Tarasov wins face-off versus Patrice Cormier in Ice Caps zone.
19:12 of 1st period - Slapshot by Alexander Urbom.
19:12 of 1st period - Shot Misses the Net.
19:14 of 1st period - Slapshot by Mark Flood.
19:14 of 1st period - Stopped by Nathan Lieuwen without a rebound.
19:15 of 1st period - Patrice Cormier wins face-off versus Garret Ross in Ice Caps zone.
19:20 of 1st period - Slapshot by Alexander Urbom.
19:20 of 1st period - Stopped by Nathan Lieuwen with a rebound.
19:22 of 1st period - Slapshot by Mark Flood.
19:22 of 1st period - Shot Misses the Net.
19:24 of 1st period - Wrist shot by Patrice Cormier.
19:24 of 1st period - Stopped by Nathan Lieuwen with a rebound.
19:26 of 1st period - Snap shot by Tyler Shattock.
19:26 of 1st period - Stopped by Nathan Lieuwen with a rebound.
19:28 of 1st period - Snap shot by David Dziurzynski.
19:28 of 1st period - Shot Misses the Net.
19:30 of 1st period - Slapshot by Alexander Urbom.
19:30 of 1st period - Shot Misses the Net.
19:32 of 1st period - Slapshot by Alexander Urbom.
19:32 of 1st period - Deflect By David Dziurzynski.
19:32 of 1st period - Shot Blocked by Garret Ross.
19:32 of 1st period - Puck is out of play.
19:33 of 1st period - Patrice Cormier wins face-off versus Greg McKegg in Ice Caps zone.
Goals for this period are 1 for Bears vs 0 for Ice Caps.
Shots for this period are 13 for Bears vs 8 for Ice Caps.

2nd period


0:01 of 2nd period - Patrice Cormier wins face-off versus Garret Ross in neutral zone.
0:20 of 2nd period - Daniil Tarasov is hit by Stefan Elliott and loses puck.
0:29 of 2nd period - Slapshot by David Dziurzynski.
0:29 of 2nd period - Shot Misses the Net.
1:00 of 2nd period - Penalty to Scott Mayfield is over, Scott Mayfield is back on ice.
1:03 of 2nd period - Snap shot by Greg McKegg.
1:03 of 2nd period - Shot Misses the Net.
1:11 of 2nd period - Scott Mayfield is hit by Maxime Macenauer.
1:37 of 2nd period - Snap shot by Rylan Schwartz.
1:37 of 2nd period - Shot Blocked by Stefan Elliott.
1:47 of 2nd period - Backhand shot by Rylan Schwartz.
1:47 of 2nd period - Shot Misses the Net.
1:51 of 2nd period - Slapshot by Michael Schumacher.
1:51 of 2nd period - Shot Misses the Net.
1:53 of 2nd period - Slapshot by Scott Mayfield.
1:53 of 2nd period - Shot Misses the Net.
2:11 of 2nd period - Shawn O'Donnell is hit by Colin Smith and loses puck.
2:28 of 2nd period - Slapshot by Alexander Urbom.
2:28 of 2nd period - Shot Misses the Net.
2:55 of 2nd period - Mark Flood is hit by Joel Edmundson and loses puck.
3:08 of 2nd period - Slapshot by Patrice Cormier.
3:08 of 2nd period - Shot Blocked by Joel Edmundson.
3:10 of 2nd period - Slapshot by Matt Taormina.
3:10 of 2nd period - Stopped by Nathan Lieuwen without a rebound.
3:11 of 2nd period - Chris Bruton wins face-off versus Colin Smith in Ice Caps zone.
3:40 of 2nd period - Slapshot by Matt Taormina.
3:40 of 2nd period - Stopped by Nathan Lieuwen without a rebound.
3:41 of 2nd period - Tyler Brown wins face-off versus Rylan Schwartz in Ice Caps zone.
5:02 of 2nd period - Daniil Tarasov is hit by David Dziurzynski and loses puck.
5:31 of 2nd period - Snap shot by Colin Smith.
5:31 of 2nd period - Stopped by Ilya Bryzgalov without a rebound.
5:32 of 2nd period - Maxime Macenauer wins face-off versus Colin Smith in Bears zone.
6:16 of 2nd period - Slapshot by Stefan Elliott.
6:16 of 2nd period - Shot Misses the Net.
6:18 of 2nd period - Slapshot by Chris Bruton.
6:18 of 2nd period - Stopped by Nathan Lieuwen with a rebound.
6:20 of 2nd period - Slapshot by Brett Clark.
6:20 of 2nd period - Shot Misses the Net.
6:22 of 2nd period - Slapshot by Stefan Elliott.
6:22 of 2nd period - Deflect By Patrice Cormier.
6:22 of 2nd period - Stopped by Nathan Lieuwen with a rebound.
6:54 of 2nd period - Icing by Rylan Schwartz.
6:55 of 2nd period - Rylan Schwartz wins face-off versus Maxime Macenauer in Ice Caps zone.
7:38 of 2nd period - Wrist shot by Cody Beach.
7:38 of 2nd period - Shot Misses the Net.
7:51 of 2nd period - Scott Mayfield is hit by Shawn O'Donnell and loses puck.
8:14 of 2nd period - Snap shot by Patrice Cormier.
8:14 of 2nd period - Stopped by Nathan Lieuwen without a rebound.
8:15 of 2nd period - Patrice Cormier wins face-off versus Greg McKegg in Ice Caps zone.
9:35 of 2nd period - Off-side.
9:36 of 2nd period - Rylan Schwartz wins face-off versus Chris Bruton in neutral zone.
9:54 of 2nd period - Minor Penalty to Scott Mayfield for Slashing.
9:55 of 2nd period - Garret Ross wins face-off versus Maxime Macenauer in Ice Caps zone.
10:38 of 2nd period - Slapshot by Alexander Urbom.
10:38 of 2nd period - Stopped by Nathan Lieuwen with a rebound.
10:40 of 2nd period - Slapshot by Alexander Urbom.
10:40 of 2nd period - Stopped by Nathan Lieuwen with a rebound.
10:42 of 2nd period - Snap shot by Alexander Urbom.
10:42 of 2nd period - Stopped by Nathan Lieuwen with a rebound.
10:44 of 2nd period - Snap shot by Mark Flood.
10:44 of 2nd period - Shot Misses the Net.
10:46 of 2nd period - Snap shot by Tyler Shattock.
10:46 of 2nd period - Shot Misses the Net.
10:48 of 2nd period - Snap shot by Patrice Cormier.
10:48 of 2nd period - Stopped by Nathan Lieuwen without a rebound.
10:49 of 2nd period - Greg McKegg wins face-off versus Patrice Cormier in Ice Caps zone.
11:54 of 2nd period - Penalty to Scott Mayfield is over, Scott Mayfield is back on ice.
12:06 of 2nd period - Snap shot by Kevin Henderson.
12:06 of 2nd period - Shot Misses the Net.
12:26 of 2nd period - Snap shot by Brad Mills.
12:26 of 2nd period - Shot Blocked by Scott Mayfield.
12:35 of 2nd period - Snap shot by Brad Mills.
12:35 of 2nd period - Stopped by Nathan Lieuwen with a rebound.
12:37 of 2nd period - Slapshot by Matt Taormina.
12:37 of 2nd period - Shot Blocked by Brandon Davidson.
12:39 of 2nd period - Snap shot by Tyler Brown.
12:39 of 2nd period - Deflect By Brad Mills.
12:39 of 2nd period - Stopped by Nathan Lieuwen with a rebound.
13:11 of 2nd period - Eric Neilson is hit by Klas Dahlbeck and loses puck.
14:17 of 2nd period - Seth Helgeson is hit by Alexander Urbom and loses puck.
14:41 of 2nd period - Seth Helgeson is hit by Maxime Macenauer and loses puck.
15:32 of 2nd period - Snap shot by Rylan Schwartz.
15:32 of 2nd period - Shot Misses the Net.
16:12 of 2nd period - Patrice Cormier is hit by Colin Smith and loses puck.
16:18 of 2nd period - Minor Penalty to Cody Beach for Hooking.
16:19 of 2nd period - Patrice Cormier wins face-off versus Daniil Tarasov in Ice Caps zone.
17:11 of 2nd period - Klas Dahlbeck is hit by Alexander Urbom and loses puck.
17:37 of 2nd period - Tyler Shattock is hit by Rasmus Rissanen and loses puck.
18:18 of 2nd period - Penalty to Cody Beach is over, Cody Beach is back on ice.
18:19 of 2nd period - Mark Flood is hit by Cody Beach and loses puck.
18:45 of 2nd period - Snap shot by Kory Nagy.
18:45 of 2nd period - Stopped by Ilya Bryzgalov with a rebound.
19:23 of 2nd period - Minor Penalty to Daniil Tarasov for Slashing.
19:24 of 2nd period - David Dziurzynski wins face-off versus Garret Ross in Ice Caps zone.
19:37 of 2nd period - Slapshot by Stefan Elliott.
19:37 of 2nd period - Stopped by Nathan Lieuwen without a rebound.
19:38 of 2nd period - Garret Ross wins face-off versus Patrice Cormier in Ice Caps zone.
19:38 of 2nd period - Garret Ross is hit by David Dziurzynski.
Goals for this period are 0 for Bears vs 0 for Ice Caps.
Shots for this period are 12 for Bears vs 2 for Ice Caps.

3rd period


0:01 of 3rd period - Patrice Cormier wins face-off versus Riley Wetmore in neutral zone.
0:06 of 3rd period - Wrist shot by Stefan Elliott.
0:06 of 3rd period - Stopped by Nathan Lieuwen with a rebound.
0:16 of 3rd period - Backhand shot by Stefan Elliott.
0:16 of 3rd period - Deflect By Patrice Cormier.
0:16 of 3rd period - Shot Blocked by Klas Dahlbeck.
0:16 of 3rd period - Puck is out of play.
0:17 of 3rd period - Patrice Cormier wins face-off versus Garret Ross in Ice Caps zone.
1:23 of 3rd period - Penalty to Daniil Tarasov is over, Daniil Tarasov is back on ice.
1:27 of 3rd period - Wrist shot by Sebastian Stalberg.
1:27 of 3rd period - Shot Misses the Net.
1:46 of 3rd period - Scott Mayfield and Shawn O'Donnell fight to a draw.
1:46 of 3rd period - Penalty to Scott Mayfield for Fighting.
1:46 of 3rd period - Penalty to Shawn O'Donnell for Fighting.
1:47 of 3rd period - Colin Smith wins face-off versus Patrice Cormier in Ice Caps zone.
2:17 of 3rd period - Off-side.
2:18 of 3rd period - Greg McKegg wins face-off versus Maxime Macenauer in neutral zone.
2:54 of 3rd period - Slapshot by Alexander Urbom.
2:54 of 3rd period - Deflect By Sebastian Stalberg.
2:54 of 3rd period - Stopped by Nathan Lieuwen without a rebound.
2:55 of 3rd period - Colin Smith wins face-off versus Patrice Cormier in Ice Caps zone.
3:11 of 3rd period - Slapshot by Cody Beach.
3:11 of 3rd period - Stopped by Ilya Bryzgalov with a rebound.
3:19 of 3rd period - Snap shot by Colin Smith.
3:19 of 3rd period - Shot Misses the Net.
3:21 of 3rd period - Slapshot by Colin Smith.
3:21 of 3rd period - Shot Blocked by Stefan Elliott.
3:52 of 3rd period - Slapshot by Oscar Klefbom.
3:52 of 3rd period - Stopped by Ilya Bryzgalov with a rebound.
4:03 of 3rd period - Rylan Schwartz is hit by Brett Clark and loses puck.
4:16 of 3rd period - Rylan Schwartz is hit by Eric Neilson and loses puck.
4:41 of 3rd period - Corey Cowick is hit by Chris Bruton.
5:26 of 3rd period - Brad Mills is hit by Klas Dahlbeck and loses puck.
5:37 of 3rd period - Snap shot by Michael Schumacher.
5:37 of 3rd period - Shot Misses the Net.
5:49 of 3rd period - David Dziurzynski is hit by Cody Beach and loses puck.
5:56 of 3rd period - Oscar Klefbom is hit by David Dziurzynski and loses puck.
6:11 of 3rd period - David Dziurzynski is hit by Cody Beach and loses puck.
6:20 of 3rd period - Snap shot by Brad Mills.
6:20 of 3rd period - Shot Misses the Net.
6:34 of 3rd period - Corey Cowick is hit by Patrice Cormier and loses puck.
6:58 of 3rd period - Cody Beach is hit by Sebastian Stalberg and loses puck.
7:05 of 3rd period - Snap shot by Sebastian Stalberg.
7:05 of 3rd period - Stopped by Nathan Lieuwen with a rebound.
7:07 of 3rd period - Slapshot by Alexander Urbom.
7:07 of 3rd period - Shot Blocked by Cody Beach.
7:09 of 3rd period - Slapshot by Mark Flood.
7:09 of 3rd period - Deflect By Kevin Henderson.
7:09 of 3rd period - Shot Misses the Net.
7:09 of 3rd period - Puck is out of play.
7:10 of 3rd period - Maxime Macenauer wins face-off versus Rylan Schwartz in Ice Caps zone.
7:23 of 3rd period - Snap shot by Rylan Schwartz.
7:23 of 3rd period - Shot Blocked by Alexander Urbom.
7:45 of 3rd period - Michael Schumacher is hit by Tyler Shattock and loses puck.
7:47 of 3rd period - Michael Schumacher and Patrice Cormier fight to a draw.
7:47 of 3rd period - Penalty to Michael Schumacher for Fighting.
7:47 of 3rd period - Penalty to Patrice Cormier for Fighting.
7:48 of 3rd period - Tyler Brown wins face-off versus Greg McKegg in Ice Caps zone.
9:06 of 3rd period - Icing by Scott Mayfield.
9:07 of 3rd period - Greg McKegg wins face-off versus Chris Bruton in Ice Caps zone.
10:08 of 3rd period - Greg McKegg is hit by Stefan Elliott.
10:12 of 3rd period - Greg McKegg is hit by Tyler Brown.
10:53 of 3rd period - Slapshot by Brad Mills.
10:53 of 3rd period - Shot Blocked by Riley Wetmore.
11:27 of 3rd period - Wrist shot by Greg McKegg.
11:27 of 3rd period - Stopped by Ilya Bryzgalov with a rebound.
11:29 of 3rd period - Snap shot by Daniil Tarasov.
11:29 of 3rd period - Stopped by Ilya Bryzgalov with a rebound.
11:55 of 3rd period - Slapshot by David Dziurzynski.
11:55 of 3rd period - Stopped by Nathan Lieuwen with a rebound.
11:57 of 3rd period - Slapshot by Mark Cundari.
11:57 of 3rd period - Stopped by Nathan Lieuwen with a rebound.
11:59 of 3rd period - Slapshot by Matt Taormina.
11:59 of 3rd period - Stopped by Nathan Lieuwen with a rebound.
12:23 of 3rd period - Snap shot by Greg McKegg.
12:23 of 3rd period - Shot Misses the Net.
12:25 of 3rd period - Wrist shot by Greg McKegg.
12:25 of 3rd period - Deflect By Garret Ross.
12:25 of 3rd period - Shot Blocked by Matt Taormina.
12:25 of 3rd period - Puck is out of play.
12:26 of 3rd period - Brad Mills wins face-off versus Greg McKegg in Bears zone.
12:38 of 3rd period - Icing by Garret Ross.
12:39 of 3rd period - Greg McKegg wins face-off versus Brad Mills in Ice Caps zone.
13:02 of 3rd period - Kevin Henderson is hit by Klas Dahlbeck and loses puck.
13:27 of 3rd period - Slapshot by Michael Schumacher.
13:27 of 3rd period - Shot Misses the Net.
13:29 of 3rd period - Slapshot by Seth Helgeson.
13:29 of 3rd period - Shot Misses the Net.
15:26 of 3rd period - Major / Game Misconduct Penalty to Eric Neilson for Attempt to injure.
15:26 of 3rd period - Eric Neilson is ejected from game.
15:27 of 3rd period - Colin Smith wins face-off versus Patrice Cormier in Bears zone.
15:42 of 3rd period - Snap shot by Scott Mayfield.
15:42 of 3rd period - Stopped by Ilya Bryzgalov without a rebound.
15:43 of 3rd period - Colin Smith wins face-off versus Patrice Cormier in Bears zone.
16:04 of 3rd period - Wrist shot by Rylan Schwartz.
16:04 of 3rd period - Shot Misses the Net.
17:38 of 3rd period - Wrist shot by Michael Schumacher.
17:38 of 3rd period - Shot Blocked by Brett Clark.
17:52 of 3rd period - Kevin Henderson is hit by Klas Dahlbeck and loses puck.
17:59 of 3rd period - Snap shot by Colin Smith.
17:59 of 3rd period - Stopped by Ilya Bryzgalov without a rebound.
18:00 of 3rd period - Tyler Brown wins face-off versus Colin Smith in Bears zone.
18:30 of 3rd period - Stefan Elliott is hit by Daniil Tarasov and loses puck.
19:17 of 3rd period - Patrice Cormier is hit by Klas Dahlbeck and loses puck.
19:49 of 3rd period - Brett Clark is hit by Rylan Schwartz and loses puck.
19:52 of 3rd period - Ice Caps, Nathan Lieuwen is pulled from the net.
Goals for this period are 0 for Bears vs 0 for Ice Caps.
Shots for this period are 6 for Bears vs 6 for Ice Caps.


Output by the SimonT Hockey Simulator (STHS) for Eric Dolegowski -- Original Page W3C XHTML 1.0 Valid
Hockey Simulator - Hockey Simulation - Hockey Manager